Map: Emerald City LE

Players

Massa

  • Race: Terran Terran
  • League: Gold
  • Spawn Location: 11:00

qqq

  • Race: Zerg Zerg
  • League: Platinum
  • Spawn Location: 11:00

ApmeM

  • Race: Zerg Zerg
  • Spawn Location: 5:00

INOT

  • Race: Zerg Zerg
  • League: Platinum
  • Spawn Location: 5:00

VOD

Have the link to the VOD?

Description

Time

  • Played on: May 18, 2020, 7:23 a.m.
  • Length: 7:56
Show
View Real Time Build Order
Export as new Build Order

Massa Terran 

Build Orders:  

Get SALT Encoding   

  12  0:08  SCV  
  13  0:17  Supply Depot  
  13  0:20  SCV  
  14  0:32  SCV  
  15  0:35  Refinery  
  15  0:43  Barracks  
  15  0:48  SCV  
  16  1:00  SCV  
  17  1:08  Refinery  
  17  1:12  SCV  
  18  1:24  SCV  
  19  1:30  Supply Depot  
  19  1:36  SCV  
  20  1:44  Marine  
  20  1:46  Factory  
  21  1:48  SCV  
  22  1:56  Supply Depot  
  22  2:01  Marine  
  23  2:09  Barracks  
  23  2:19  Marine  
  24  2:24  Supply Depot  
  24  2:47  Marine  
  25  3:00  Starport  
  25  3:02  Starport  
  25  3:09  Factory Tech Lab  
  25  3:18  SCV  
  26  3:30  SCV, Siege Tank  
  26  3:32  Barracks Reactor  
  30  3:40  Medivac  
  32  3:44  Medivac  
  35  3:53  Orbital Command  
  34  4:10  Medivac  
  34  4:11  Marine  
  34  4:12  Marine  
  34  4:14  Medivac  
  40  4:32  Supply Depot  
  40  4:33  Siege Tank  
  43  5:07  Engineering Bay  
  43  5:12  Armory  
  43  5:14  SCV  
  44  5:23  Command Center  
  44  5:24  Starport Reactor  
  44  5:26  SCV  
  45  5:34  Engineering Bay  
  45  5:38  SCV  
  45  5:41  Terran Infantry Weapons Level 1  
  46  5:50  SCV  
  46  5:54  Marine  
  46  5:55  Marine  
  46  5:56  Marine  
  50  6:02  SCV  
  51  6:12  Marine  
  51  6:13  Marine x2  
  51  6:14  SCV  
  55  6:19  Starport Reactor  
  55  6:26  Supply Depot  
  55  6:34  Marine, Medivac  
  55  6:35  SCV  
  59  6:47  Missile Turret  
  59  7:04  Thor  
  59  7:07  Orbital Command, Missile Turret  
  59  7:08  SCV  
  66  7:12  Refinery  
  66  7:20  SCV, Missile Turret  
  67  7:26  Missile Turret  
  67  7:32  SCV  
  67  7:36  Factory  
  68  7:39  SCV  
Show
View Real Time Build Order
Export as new Build Order

qqq Zerg 

Build Orders: Hatch First 

Get SALT Encoding   

  12  0:07  Drone  
  12  0:13  Drone  
  14  0:37  Hatchery  
  13  0:55  Spawning Pool  
  12  1:01  Overlord  
  12  1:05  Drone  
  12  1:09  Drone  
  14  1:20  Extractor, Drone  
  14  1:24  Drone  
  15  1:35  Drone  
  16  1:42  Queen  
  18  1:49  Queen  
  20  1:54  Drone  
  20  1:58  Drone  
  22  2:03  Drone  
  23  2:12  Spine Crawler  
  22  2:20  Drone  
  23  2:25  Drone x2  
  25  2:34  Drone  
  26  2:44  Drone x2  
  26  2:47  Overlord  
  28  2:51  Spine Crawler  
  27  3:05  Spine Crawler  
  26  3:13  Drone x5  
  26  3:16  Lair  
  31  3:20  Drone  
  31  3:22  Extractor  
  32  3:55  Drone  
  32  3:56  Drone x2  
  34  4:05  Overlord  
  34  4:07  Overlord  
  34  4:14  Overlord  
  34  4:15  Drone x2  
  36  4:30  Drone x3  
  39  4:34  Extractor  
  38  4:44  Spire  
  38  4:45  Drone  
  38  5:01  Extractor  
  37  5:10  Drone x5  
  37  5:13  Drone x5  
  47  5:14  Drone  
  47  5:15  Drone x2  
  50  5:22  Drone  
  51  6:01  Mutalisk x4  
  51  6:03  Overlord x2  
  59  6:05  Drone  
  59  6:07  Overlord x3  
  60  6:17  Hatchery  
  59  6:20  Hatchery  
  59  6:21  Mutalisk x3  
  59  6:22  Mutalisk  
  66  6:27  Hatchery  
  65  6:33  Mutalisk x2  
  65  6:37  Mutalisk  
  65  6:38  Mutalisk, Overlord  
  73  6:48  Mutalisk  
  73  6:50  Overlord x2  
  75  6:56  Mutalisk  
  75  6:59  Overlord x2  
  77  7:15  Mutalisk x2  
Show
View Real Time Build Order
Export as new Build Order

ApmeM Zerg 

Build Orders: Hatch First 

Get SALT Encoding   

  12  0:04  Drone  
  13  0:10  Drone  
  14  0:17  Overlord  
  14  0:36  Drone x2  
  16  0:52  Hatchery  
  15  0:58  Drone x2  
  15  1:02  Drone  
  18  1:16  Extractor  
  17  1:20  Drone  
  17  1:21  Spawning Pool  
  17  1:28  Drone  
  17  1:32  Drone  
  19  1:42  Drone  
  20  1:48  Extractor  
  20  1:53  Drone  
  20  2:02  Drone  
  20  2:05  Drone  
  22  2:09  Queen  
  22  2:10  Queen  
  22  2:13  Overlord  
  26  2:16  Drone  
  27  2:24  Drone  
  27  2:28  Overlord  
  28  2:35  Drone  
  29  2:37  Drone  
  30  2:45  Drone  
  31  2:55  Drone  
  32  3:02  Drone x2  
  32  3:05  Hatchery  
  33  3:10  Drone x2  
  35  3:21  Lair  
  35  3:24  Drone  
  35  3:25  Drone x5  
  41  3:27  Baneling Nest  
  40  3:37  Drone x3  
  43  3:56  Extractor  
  42  4:09  Drone x2  
  44  4:10  Overlord x4  
  44  4:11  Overlord x5  
  44  4:25  Hydralisk Den  
  43  4:32  Extractor  
  43  4:35  Drone x2  
  43  4:36  Drone x6  
  50  4:44  Queen  
  52  5:08  Extractor  
  52  5:10  Extractor  
  50  5:19  Drone x2  
  50  5:20  Drone x6  
  58  5:32  Grooved Spines, Lurker Den  
  57  5:36  Spore Crawler x2  
  57  5:39  Spore Crawler  
  57  5:40  Spore Crawler  
  57  5:41  Spore Crawler  
  52  5:43  Spore Crawler  
  52  5:46  Hydralisk x6  
  52  5:47  Hydralisk x3  
  69  5:50  Hydralisk  
  69  5:55  Pneumatized Carapace  
  71  5:58  Drone x2  
  71  5:59  Drone  
  71  6:00  Drone  
  71  6:02  Drone  
  76  6:21  Hydralisk x4  
  76  6:22  Hydralisk  
  76  6:25  Nydus Network  
  85  6:36  Overseer  
  85  6:43  Muscular Augments  
  85  6:50  Lurker x3  
  88  7:22  Hydralisk  
  88  7:23  Hydralisk x6  
  88  7:24  Hydralisk x2  
Show
View Real Time Build Order
Export as new Build Order

INOT Zerg 

Build Orders: Hatch First 

Get SALT Encoding   

  12  0:01  Drone  
  13  0:08  Drone  
  14  0:21  Overlord  
  14  0:40  Drone x2  
  16  0:45  Drone  
  17  0:52  Hatchery  
  17  0:57  Drone  
  17  1:01  Extractor  
  16  1:14  Spawning Pool  
  16  1:16  Drone  
  16  1:21  Drone  
  16  1:24  Drone  
  18  1:35  Drone  
  19  1:52  Drone  
  20  1:59  Overlord  
  20  2:05  Queen  
  20  2:06  Queen  
  24  2:13  Drone x2  
  27  2:15  Drone  
  27  2:22  Drone  
  28  2:26  Drone  
  29  2:34  Drone  
  30  2:45  Drone x2  
  32  2:52  Drone x2  
  32  2:57  Drone  
  32  2:58  Roach Warren  
  34  3:02  Overlord  
  34  3:07  Pneumatized Carapace  
  34  3:09  Extractor  
  34  3:10  Drone x2  
  34  3:11  Extractor  
  34  3:19  Spore Crawler  
  33  3:20  Overlord  
  33  3:22  Drone  
  34  3:30  Drone  
  35  3:35  Drone  
  36  3:43  Drone x2  
  38  3:49  Drone x3  
  41  3:59  Hatchery  
  40  4:03  Drone x2  
  40  4:04  Drone  
  40  4:06  Drone  
  44  4:18  Lair  
  44  4:27  Overlord x3  
  44  4:33  Spore Crawler  
  43  5:01  Roach x8  
  43  5:03  Overlord  
  43  5:04  Overlord  
  59  5:10  Baneling Nest  
  59  5:14  Drone x4, Evolution Chamber  
  59  5:15  Evolution Chamber  
  59  5:16  Roach  
  59  5:17  Roach  
  64  5:23  Overseer  
  64  5:26  Roach  
  64  5:27  Roach x2  
  64  5:28  Queen  
  70  5:33  Roach  
  70  5:34  Roach x3  
  80  5:39  Roach  
  82  5:44  Overlord x2  
  82  5:49  Zerg Missile Weapons Level 1  
  82  5:50  Zerg Ground Armor Level 1  
  82  5:54  Centrifical Hooks  
  82  6:09  Drone x2  
  82  6:10  Drone x6  
  82  6:11  Drone  
  91  6:20  Drone x4  
  95  6:54  Zergling x2  
  95  6:55  Zergling x4  
  95  6:57  Extractor  
  95  7:00  Extractor, Drone x2  
  98  7:05  Spore Crawler  
  98  7:06  Spore Crawler  
  96  7:12  Spore Crawler  
  96  7:13  Hydralisk Den  
  96  7:15  Spore Crawler  
  93  7:17  Overlord  
  93  7:18  Overlord  
  93  7:24  Spore Crawler, Overlord x2  
  93  7:26  Spore Crawler  
  93  7:28  Spore Crawler  
  90  7:30  Spore Crawler  
  92  7:37  Spore Crawler  
  92  7:43  Drone x4  
  92  7:44  Drone x2  
  99  7:52  Spire  
Tags
 
Add a new tag
Caveats
  • Supply blocks, unpowered buildings, or Contaminate may cause inaccurate times.
  • Supply counts are checked every 10 seconds.